 Dungeon Crawl Stone Soup version 0.29.1-13-g9f3cf754e1 (webtiles) character file.

Game seed: 17479802996413301811

129 Vulpanium the Sneak (level 5, -1/36 HPs)
             Began as a Human Wanderer on Jan 21, 2023.
             Was an Initiate of Ru.
             Slain by an orc
             ... wielding a +2 short sword of protection
              (5 damage)
             ... on level 4 of the Dungeon.
             The game lasted 00:10:53 (3275 turns).

Vulpanium the Sneak (Human Wanderer)                Turns: 3275, Time: 00:10:54

Health: -1/36      AC:  8    Str:  7 (9)  XL:     5   Next: 35%
Magic:  8/8        EV: 12    Int: 20      God:    Ru [......]
Gold:   143        SH:  5    Dex: 16      Spells: 7/8 levels left

rFire   + . .      SeeInvis .   a - +2 dagger
rCold   x . .      Faith    .   c - +0 buckler
rNeg    . . .      Spirit   .   e - +0 robe
rPois   .          Reflect  .   (no helmet)
rElec   .          Harm     .   p - +2 cloak
rCorr   .          Rampage  .   f - +1 pair of gloves
Will    .....                   r - +0 pair of boots
Stlth   +++.......              (no amulet)
HPRegen 0.12/turn               b - +6 ring of intelligence
MPRegen 0.11/turn               g - ring of fire

@: very slow
A: no striking features
a: Renounce Religion


You were on level 4 of the Dungeon.
You worshipped Ru.
Ru was noncommittal.
You visited 1 branch of the dungeon, and saw 4 of its levels.

You collected 143 gold pieces.

Inventory:

Hand Weapons
 a - a +2 dagger (weapon)
Missiles
 i - 2 silver javelins
Armour
 c - a +0 buckler (worn)
 e - a +0 robe (worn)
 f - a +1 pair of gloves (worn)
 p - a +2 cloak (worn)
 r - a +0 pair of boots (worn)
Jewellery
 b - a +6 ring of intelligence (left hand)
 g - a ring of fire (right hand)
 q - a +6 ring of intelligence
Scrolls
 k - a scroll of enchant armour
 m - 2 scrolls of immolation
 n - 2 scrolls of magic mapping {unknown}
 o - a scroll of brand weapon {unknown}
 s - 2 scrolls of teleportation {unknown}
 v - 2 scrolls of summoning {unknown}
Potions
 d - a potion of curing
 h - 2 potions of flight
 j - a potion of resistance {unknown}
 l - a potion of heal wounds
 t - a potion of cancellation {unknown}
 u - a potion of mutation {unknown}


   Skills:
 + Level 0.5 Fighting
 + Level 2.3 Short Blades
 + Level 1.8 Dodging
 + Level 3.7 Stealth
 + Level 2.6 Shields
 + Level 2.1 Spellcasting
 + Level 2.2 Necromancy
 + Level 1.0 Evocations


You had 7 spell levels left.
You knew the following spells:

 Your Spells              Type           Power      Damage    Failure   Level
a - Necrotise             Necr           44%        1d6       9%          1

Your spell library contained the following spells:

 Spells                   Type           Power      Damage    Failure   Level
 Vampiric Draining        Necr           11%        2d6       24%         3


Dungeon Overview and Level Annotations

Branches:
Dungeon (4/15)
 Temple: D:4-7

Altars:
Ashenzari
Cheibriados
Hepliaklqana
Ru
Xom

Shops:
D:2 :


Message History

You feel sick.
You are no longer poisoned.
You miss something. Something hits you.
Time shudders.
You feel weakened.
You barely miss something.
The orc throws a poisoned dart.
The poisoned dart hits you!
You are poisoned.
Something hits you but does no damage.
You hit something.
You feel sick. Something hits you.
You closely miss something.
You feel sick. Something hits you but does no damage.
You hit something.
You feel sick. Something hits you but does no damage.
You hit something but do no damage.
You feel sick. Something hits you.
* * * LOW HITPOINT WARNING * * *
You closely miss something.
You feel sick.
The orc shouts!
You block something's attack.
You hit something.
You feel sick.
The orc throws a poisoned dart.
Something hits you but does no damage.
You closely miss something.
You hear some strange, mumbled words.
A magic dart appears from out of thin air!
The magic dart hits you but does no damage.
You closely miss something.
You feel sick.
You are no longer poisoned.
Something hits you but does no damage.
You hit something but do no damage. Something hits you.
* * * LOW HITPOINT WARNING * * *
You hit something.
Reactivating autopickup.
You feel a bit more experienced.
You feel your strength returning.
You hit the orc.
The orc is severely wounded.
The orc hits you but does no damage.
You hit the orc.
You kill the orc!
You hit the orc but do no damage.
The orc hits you with a +2 short sword of protection.
You die...

#.#. ####.#.
....... ###
....... #.#
......! #.#
.......####.#####
......{o........#
......#####o###.#
...o. #@# #.#
.... #.# #.# ...
#.###.###### ..
#..........# .
#####.####.#
####......#.#
......#....#.#
#####..#.####.#
............#.#


You could see an orc.

Vanquished Creatures
  An orc wizard (D:4)
  5 adders
  A worm (D:2)
  2 dart slugs (D:1)
  2 orcs
  3 bats
  5 endoplasms
  A giant cockroach (D:1)
  7 goblins
  A hobgoblin (D:1)
  6 kobolds
  4 quokkas
  7 ball pythons
  7 frilled lizards
  8 rats
60 creatures vanquished.

Vanquished Creatures (others)
  54 plants (D:1)
54 creatures vanquished.

Grand Total: 114 creatures vanquished

Notes
Turn   | Place    | Note
-------+----------+-------------------------------------------
     0 | D:1      | Vulpanium the Human Wanderer began the quest for the Orb.
     0 | D:1      | Vulpanium set off with the following items: a +2 dagger, a
                  | potion of heal wounds, a +0 buckler, a potion of curing, a
                  | +0 robe; and the following spell memorised: Necrotise; and
                  | the following spells available to memorise: Vampiric
                  | Draining.
     0 | D:1      | Reached XP level 1. HP: 13/13 MP: 3/3
    83 | D:1      | Reached skill level 1 in Short Blades
    83 | D:1      | Reached XP level 2. HP: 19/19 MP: 5/5
   285 | D:1      | Reached XP level 3. HP: 8/24 MP: 6/6
  1258 | D:2      | Found Issoutti's Book Shoppe.
  1397 | D:2      | Reached XP level 4. HP: 28/30 MP: 7/7
  1679 | D:3      | Found a shimmering altar of Xom.
  1687 | D:3      | Became a worshipper of Xom of Chaos
  1705 | D:3      | Reached skill level 1 in Dodging
  1709 | D:3      | HP: 1/30 [poisoned by an adder]
  2479 | D:3      | Reached XP level 5. HP: 36/36 MP: 8/8
  2633 | D:3      | XOM: silly message
  2876 | D:3      | XOM is BORED!
  2876 | D:3      | XOM: noise
  2949 | D:3      | Found a snail-covered altar of Cheibriados.
  2949 | D:3      | Found a broken altar of Ashenzari.
  2949 | D:3      | Found a hazy altar of Hepliaklqana.
  3007 | D:3      | Fell from the grace of Xom
  3007 | D:3      | Became a worshipper of Cheibriados the Contemplative
  3173 | D:4      | Found a sacrificial altar of Ru.
  3179 | D:4      | Fell from the grace of Cheibriados
  3179 | D:4      | Became a worshipper of Ru the Awakened
  3275 | D:4      | Slain by an orc

Illustrated notes

Levels and vault maps discovered:
D:1:      roderic_crop_circles_arrival_small, layout_rooms, minmay_tetromino_t2
D:2:      layout_basic, serial_shops, nicolae_diamond_shop,
          minmay_stone_trees_small, guppyfry_early_lair_pool
D:3:      layout_basic, mainiacjoe_overflow_surrounded_room,
          gammafunk_temple_overflow_claw, minmay_diced_spiral
D:4:      layout_basic, general_overflow_altar,
          mainiacjoe_overflow_tiny_flanked, kennysheep_generic_room_5

Skill      XL: |  1  2  3  4 |
---------------+-------------+-----
Short Blades   | 1 2 |  2.3
Dodging        | 1 |  1.8
Fighting       | |  0.5
Stealth        | |  3.7
Shields        | |  2.6
Spellcasting   | |  2.1
Necromancy     | |  2.2
Evocations     | |  1.0

Action                   |  1- 3 |  4- 6 || total
-------------------------+-------+-------++-------
Melee: Dagger            |   135 |    98 ||   233
  Use: Potion            |     1 |       ||     1
       Scroll            |     1 |     3 ||     4
 Stab: Sleeping          |     5 |     1 ||     6
       Distracted        |     1 |       ||     1
Armor: Robe              |    31 |    97 ||   128
Dodge: Dodged            |    47 |   102 ||   149
Block: Buckler           |    26 |    54 ||    80
